 Dungeon Crawl Stone Soup version 0.23.0-3-gf3c87f2 (webtiles) character file.

Game seed: 10845041903025945347

17192 Irenicus the Cleaver (level 12, -4/109 HPs)
             Began as a Deep Dwarf Monk on Feb 23, 2019.
             Was an Elder of Makhleb.
             Slain by a komodo dragon (23 damage)
             ... on level 12 of the Dungeon.
             The game lasted 00:47:43 (6672 turns).

Irenicus the Cleaver (Deep Dwarf Monk)              Turns: 6672, Time: 00:47:44

Health: -4/109     AC:  7    Str: 16    XL:     12   Next: 16%
Magic:  5/5        EV: 23    Int: 11    God:    Makhleb [****..]
Gold:   404        SH:  0    Dex: 19    Spells: 9/11 levels left

rFire    + . .     SeeInvis +   e - +2 hand axe (venom)
rCold    + . .     Gourm    .   (no shield)
rNeg     . . .     Faith    .   l - +0 troll leather armour {regen}
rPois    +         Spirit   .   C - +0 helmet {SInv}
rElec    +         Reflect  .   v - scarf {rC+ rF+}
rCorr    +         Harm     .   (no gloves)
MR       +....                  j - +1 pair of boots
Stlth    ++........             (no amulet)
HPRegen  0.00/turn              s - ring of poison resistance (curse) {rPois, !d}
MPRegen  0.09/turn              k - ring of resist corrosion

@: non-regenerating
A: damage resistance, heal wounds, low mp 1, sense surroundings 2, electricity
resistance, no regeneration
a: Heal Wounds, Minor Destruction, Lesser Servant of Makhleb, Major Destruction,
Renounce Religion


You were on level 12 of the Dungeon.
You worshipped Makhleb.
Makhleb was greatly pleased with you.
You were hungry.

You visited 2 branches of the dungeon, and saw 13 of its levels.

You collected 566 gold pieces.
You spent 162 gold pieces at shops.

Inventory:

Hand Weapons
 a - a +0 hand axe
 e - a +2 hand axe of venom (weapon)
   (You took it off an orc on level 5 of the Dungeon)
Armour
 i - a +2 cloak
   (You found it on level 4 of the Dungeon)
 j - a +1 pair of boots (worn)
   (You found it on level 3 of the Dungeon)
 l - a +0 troll leather armour (worn) {regen}
   (You found it on level 11 of the Dungeon)
 v - a scarf of resistance (worn)
   (You found it on level 9 of the Dungeon)
 x - a +0 buckler
   (You found it on level 9 of the Dungeon)
 C - a +0 helmet of see invisible (worn)
   (You bought it in a shop on level 5 of the Dungeon)
Jewellery
 d - an uncursed ring of ice {rC+, rF-}
   (You found it on level 4 of the Dungeon)
 k - a ring of resist corrosion (right hand)
   (You found it on level 7 of the Dungeon)
 s - a cursed ring of poison resistance (left hand) {rPois, !d}
   (You found it on level 7 of the Dungeon)
Wands
 m - a wand of polymorph (2)
   (You took it off Jessica on level 3 of the Dungeon)
 o - a wand of acid (1)
   (You found it on level 6 of the Dungeon)
Scrolls
 b - 5 scrolls of teleportation
 f - 11 scrolls of identify
 y - 3 scrolls of remove curse
 A - a scroll of immolation {!r}
 B - 2 scrolls of random uselessness {unknown}
 D - a scroll of fear {unknown}
 E - a scroll of blinking {!r}
Potions
 g - 3 potions of agility
 n - 2 potions of flight
 r - a potion of curing
 t - a potion of mutation {!q}
 z - a potion of resistance
Comestibles
 c - 9 rations
 h - 6 chunks of flesh {@w0}


   Skills:
 - Level 7.5 Fighting
 - Level 14.2 Axes
 + Level 14.1 Dodging
 - Level 2.4 Stealth


You had 9 spell levels left.
You knew the following spells:

 Your Spells              Type           Power        Failure   Level  Hunger
b - Blink                 Tloc           N/A          54%         2    ###....

Your spell library contained the following spells:

 Spells                   Type           Power        Failure   Level  Hunger
 Magic Dart               Conj           #...         41%         1    ##.....
 Call Imp                 Summ           #.......     54%         2    ###....
 Slow                     Hex            #.......     54%         2    ###....
 Conjure Flame            Conj/Fire      #.......     78%         3    ####...
 Mephitic Cloud           Conj/Pois/Air  #.......     78%         3    ####...


Dungeon Overview and Level Annotations

Branches:
Dungeon (12/15)            Temple (1/1) D:4            Lair (0/6) D:10
    Orc: D:9-12

Altars:
Ashenzari
Cheibriados
Dithmenos
Elyvilon
Fedhas
Gozag
Hepliaklqana
Kikubaaqudgha
Makhleb
Nemelex Xobeh
Okawaru
Qazlal
Ru
Sif Muna
Trog
Uskayaw
Vehumet
Wu Jian
Xom
Yredelemnul
Zin
The Shining One

Shops:
D:5 [   D:6 *!   D:7 (   D:10 :}(*

Annotations:
D:3 1 runed translucent door, Crazy Yiuf


Innate Abilities, Weirdness & Mutations

You are resistant to damage.
You can heal yourself by infusing magical energy.
You passively map the area around you.
You do not regenerate.
Your magical capacity is low. (-10% MP)
You are resistant to electric shocks. (rElec)


Message History

The bolt of acid misses the quasit.
The vampire mosquito misses you.
You regained 9 hp, and now have 23/109 hp.
You slash the vampire mosquito!
The vampire mosquito completely misses you.
You barely miss the vampire mosquito. The vampire mosquito misses you.
You hit the worker ant.
The worker ant is poisoned.
You barely miss the vampire mosquito. The vampire mosquito misses you.
You hit the worker ant. You hit the vampire mosquito.
The worker ant bites you but does no damage.
The vampire mosquito misses you.
You hit the vampire mosquito. You barely miss the worker ant.
The vampire mosquito completely misses you.
The worker ant completely misses you.
You hit the vampire mosquito. You barely miss the worker ant.
The vampire mosquito bites you.
* * * LOW HITPOINT WARNING * * *
The vampire mosquito draws strength from your injuries!
The worker ant completely misses you.
You take 1 damage, and have 22/109 hp.
You hit the vampire mosquito. You hit the worker ant.
You kill the worker ant!
Makhleb accepts your kill. The vampire mosquito bites you.
The vampire mosquito draws strength from your injuries!
You miss the vampire mosquito.
You hit the vampire mosquito but do no damage.
The vampire mosquito completely misses you.
The vampire mosquito barely misses you.
The vampire mosquito completely misses you.
You hit the vampire mosquito. x2; The vampire mosquito barely misses you. x2
You hit the vampire mosquito. You barely miss the vampire mosquito.
The vampire mosquito bites you.
* * * LOW HITPOINT WARNING * * *
The vampire mosquito draws strength from your injuries!
The vampire mosquito closely misses you.
The vampire mosquito misses you.
You take 2 damage, and have 20/109 hp.
You barely miss the vampire mosquito. You miss the vampire mosquito.
The vampire mosquito completely misses you.
The vampire mosquito bites you!
* * * LOW HITPOINT WARNING * * *
The vampire mosquito draws strength from your injuries!
You take 6 damage, and have 14/109 hp.
You closely miss the vampire mosquito. You barely miss the vampire mosquito.
The vampire mosquito misses you.
The vampire mosquito completely misses you.
You miss the vampire mosquito. You hit the vampire mosquito.
The vampire mosquito misses you. x2
You slash the vampire mosquito!
You hit the vampire mosquito but do no damage.
The vampire mosquito completely misses you.
The vampire mosquito misses you.
You slash the vampire mosquito!
You destroy the vampire mosquito!
Makhleb accepts your kill.
You feel better.
You closely miss the vampire mosquito. The vampire mosquito bites you!
* * * LOW HITPOINT WARNING * * *
The vampire mosquito draws strength from your injuries!
The vampire mosquito bites you.
* * * LOW HITPOINT WARNING * * *
The vampire mosquito draws strength from your injuries!
You miss the vampire mosquito.
The vampire mosquito completely misses you.
You slash the vampire mosquito! The vampire mosquito bites you.
The vampire mosquito draws strength from your injuries!
You miss the vampire mosquito.
The vampire mosquito closely misses you.
You hit the vampire mosquito.
The vampire mosquito bites you but does no damage.
You hit the vampire mosquito. The vampire mosquito misses you.
You hit the vampire mosquito. The vampire mosquito barely misses you.
You hit the vampire mosquito. The vampire mosquito misses you.
The vampire mosquito closely misses you.
You barely miss the vampire mosquito.
The vampire mosquito closely misses you.
You closely miss the vampire mosquito.
The vampire mosquito bites you but does no damage.
You slash the vampire mosquito!
The vampire mosquito completely misses you.
You hit the vampire mosquito but do no damage.
The vampire mosquito bites you but does no damage.
You slash the vampire mosquito!
You destroy the vampire mosquito!
Makhleb accepts your kill.
You feel better.
You regained 5 hp, and now have 19/109 hp.
You barely miss the komodo dragon. You hit the komodo dragon.
The komodo dragon is poisoned.
The komodo dragon completely misses you.
You hit the komodo dragon.
The komodo dragon looks as sick as possible!
You hit the komodo dragon. The komodo dragon closely misses you.
You closely miss the komodo dragon.
The komodo dragon completely misses you.
You slash the komodo dragon! You slash the komodo dragon!
The komodo dragon looks as sick as possible!
The komodo dragon bites you!!
You die...

,,,,....# ... ,, # #...##..#
* ** #. , ....$...# * *
#..,,,........# ,# ,,
##..###...... .# ,
...........#,####.### * *
#.....S.S.# #......,,
#.######†##.# #....# , ,
#%......5l@.# #....####....
#........######............
########.## #.......(.)...^.
#....# #.# #.##....###.....
#....# #.# #.##....# #.....
#....# #.# #(##....# #.....
#....###.####.##....###..#..
#.............####..........
#..<.###.###### ####.....#.


You could see a komodo dragon and a quasit.

Vanquished Creatures
  A centaur warrior (D:10)
  A two-headed ogre (D:11)
  A death knight (D:11)
  2 skeletal warriors (D:11)
  A phantasmal warrior (D:11)
  2 ugly things (D:12)
  A cyclops (D:11)
  2 gargoyles
  A freezing wraith (D:11)
  A troll (D:11)
  Grinder (D:3)
  2 hippogriffs
  A wraith (D:12)
  A wyvern (D:11)
  23 yaks
  A steam dragon (D:8)
  4 vampire mosquitoes (D:12)
  Menkaure (D:6)
  Edmund (D:5)
  A water moccasin (D:8)
  6 orc warriors
  3 ice beasts
  6 sky beasts
  2 necrophages (D:8)
  2 black bears
  A phantom (D:11)
  2 centaurs
  4 ogres
  3 big kobolds
  4 bullfrogs
  2 wyvern skeletons
  6 scorpions
  4 wights (D:10)
  10 killer bees (D:9)
  5 howler monkeys
  4 bullfrog zombies
  A crimson imp (D:10)
  2 centaur zombies
  A quasit (D:7)
  3 centaur skeletons
  7 orc priests
  A bullfrog skeleton (D:7)
  5 hounds
  3 jellies
  Jessica (D:3)
  16 orc wizards
  Natasha (thrice) (D:3)
  An iguana (D:12)
  14 worker ants
  A hound skeleton (D:8)
  2 howler monkey skeletons
  11 gnolls
  11 adders
  5 shadow imps
  3 oozes
  An adder skeleton (D:4)
  A worm (D:2)
  A dart slug (D:2)
  6 leopard geckos
  47 orcs
  4 bats
  6 giant cockroaches
  7 goblins
  9 hobgoblins
  10 jackals
  20 kobolds
  3 quokkas
  A ball python (D:3)
  7 frilled lizards
  A jackal skeleton (D:5)
  A leopard gecko skeleton (D:4)
  A quokka skeleton (D:4)
  10 rats
340 creatures vanquished.

Vanquished Creatures (others)
  An adder (D:8)
1 creature vanquished.

Grand Total: 341 creatures vanquished

Notes
Turn   | Place    | Note
-------+----------+-------------------------------------------
     0 | D:1      | Irenicus the Deep Dwarf Monk began the quest for the Orb.
     0 | D:1      | Reached XP level 1. HP: 20/20 MP: 1/1
    89 | D:1      | HP: 2/20 [hobgoblin/+0 club (4)]
    98 | D:1      | Reached XP level 2. HP: 27/27 MP: 2/2
   125 | D:1      | Reached skill level 4 in Axes
   177 | D:1      | HP: 4/27 [gnoll/+0 spear (5)]
   530 | D:2      | Reached XP level 3. HP: 19/33 MP: 3/3
   605 | D:2      | Reached skill level 5 in Axes
   803 | D:2      | Gained mutation: Your spells are a little harder to cast,
                  | but a little more powerful. [potion of mutation]
   803 | D:2      | Gained mutation: Your muscles are strong. (Str +2) [potion
                  | of mutation]
   956 | D:3      | Reached XP level 4. HP: 34/40 MP: 3/3
  1040 | D:3      | Noticed Jessica
  1049 | D:3      | Killed Jessica
  1049 | D:3      | Reached skill level 6 in Axes
  1070 | D:3      | Noticed Grinder
  1094 | D:3      | Killed Grinder
  1094 | D:3      | Reached skill level 7 in Axes
  1094 | D:3      | Reached XP level 5. HP: 34/46 MP: 4/4
  1094 | D:3      | Reached XP level 6. HP: 40/55 MP: 5/5
  1283 | D:3      | Noticed Natasha
  1299 | D:3      | HP: 11/55 [iron imp[Natasha] (3)]
  1300 | D:3      | Killed Natasha
  1329 | D:3      | Reached skill level 8 in Axes
  1393 | D:3      | Noticed Natasha
  1406 | D:3      | Killed Natasha
  1486 | D:3      | Noticed Natasha
  1502 | D:3      | Killed Natasha
  1616 | D:3      | HP: 12/55 [orc/+0 short sword (2)]
  1653 | D:3      | Found a runed translucent door.
  1654 | D:3      | Noticed Crazy Yiuf
  1804 | D:4      | Reached XP level 7. HP: 27/61 MP: 6/6
  1841 | D:4      | Reached skill level 9 in Axes
  1932 | D:4      | Found a staircase to the Ecumenical Temple.
  1950 | Temple   | Entered the Ecumenical Temple
  2023 | D:4      | HP: 15/61 [scorpion (5)]
  2215 | D:4      | You fall through a shaft!
  2215 | D:5      | Entered Level 5 of the Dungeon
  2217 | D:5      | Noticed Edmund
  2223 | D:5      | Found a stormy altar of Qazlal.
  2228 | D:5      | HP: 15/61 [orc wizard/magic dart (4)]
  2232 | D:5      | Lost mutation: Your muscles are strong. (Str +2) [potion of
                  | mutation]
  2232 | D:5      | Lost mutation: Your spells are a little harder to cast, but
                  | a little more powerful. [potion of mutation]
  2232 | D:5      | Gained mutation: Your magical capacity is low. (-10% MP)
                  | [potion of mutation]
  2232 | D:5      | Gained mutation: You are resistant to electric shocks.
                  | (rElec) [potion of mutation]
  2235 | D:5      | HP: 13/61 [orc wizard/puff of flame (2)]
  2238 | D:5      | Reached skill level 10 in Axes
  2252 | D:5      | Killed Edmund
  2264 | D:5      | HP: 15/61 [bullfrog zombie (3)]
  2276 | D:5      | HP: 12/61 [bullfrog zombie (3)]
  2277 | D:5      | Reached XP level 8. HP: 13/68 MP: 5/5
  2378 | D:5      | HP: 17/68 [quokka (1)]
  2380 | D:5      | Reached skill level 11 in Axes
  2420 | D:5      | HP: 15/68 [hound (2)]
  2499 | D:6      | Found a sacrificial altar of Ru.
  2532 | D:6      | Found Pofid's Distillery.
  2534 | D:6      | Noticed Menkaure
  2545 | D:6      | Killed Menkaure
  2560 | D:6      | Found a blossoming altar of Fedhas.
  2613 | D:6      | HP: 17/68 [ice beast (12)]
  2620 | D:6      | Found Gozag's Platinum Reserve.
  2623 | D:6      | Found an opulent altar of Gozag.
  2731 | D:7      | HP: 13/68 [gnoll/+0 flail (4)]
  2733 | D:7      | Reached skill level 12 in Axes
  2830 | D:7      | HP: 17/68 [scorpion (3)]
  2850 | D:7      | HP: 14/68 [kobold/+0 whip (2)]
  2882 | D:7      | Gained mutation: You passively map the area around you.
                  | [Deep Dwarf growth]
  2882 | D:7      | Reached XP level 9. HP: 32/74 MP: 5/5
  2910 | D:7      | Identified the +1 leather armour of Siplaog {*Contam MR+
                  | Regen+ Dex+2}
  2922 | D:7      | Reached skill level 13 in Axes
  2939 | D:7      | Found Quh Jocs's Weapon Emporium.
  2960 | D:7      | Found a shimmering altar of Xom.
  2962 | D:7      | Irenicus: ?? altar
  2962 | D:7      | beem: altar[1/1]: Altars are used for gaining religion and
                  | receiving Kiku's, Lugonu's, and TSO's gifts. Altars to gods
                  | besides Beogh, Lugonu, and Jiyva are guaranteed in Temple
                  | or D:2-9. Jiyva's altar is guaranteed in Slime:6, and
                  | Lugonu's and Beogh's altars occasionally appear in the
                  | Abyss and Orc, respectively.
  2963 | D:7      | HP: 14/74 [orc/+0 club of chaos (5)]
  3171 | D:8      | HP: 18/73 [bullfrog (2)]
  3270 | D:8      | HP: 6/73 [shadow imp/nerve-wracking pain (11)]
  3291 | D:8      | HP: 16/74 [steam dragon/ball of steam (4)]
  3292 | D:8      | Reached skill level 3 in Fighting
  3292 | D:8      | Reached skill level 14 in Axes
  3334 | D:8      | HP: 15/76 [hippogriff (1)]
  3338 | D:8      | Reached skill level 4 in Dodging
  3542 | D:9      | Found a white marble altar of Elyvilon.
  3545 | D:9      | Found a basalt altar of Yredelemnul.
  3548 | D:9      | Found a hazy altar of Hepliaklqana.
  3554 | D:9      | Found a bloodstained altar of Trog.
  3621 | D:9      | Found a deep blue altar of Sif Muna.
  3627 | D:9      | Reached skill level 4 in Fighting
  3659 | D:9      | HP: 16/78 [yak (10)]
  3661 | D:9      | Reached skill level 5 in Dodging
  3667 | D:9      | Reached XP level 10. HP: 24/87 MP: 4/4
  3669 | D:9      | HP: 17/87 [yak (7)]
  3725 | D:9      | HP: 9/87 [wyvern skeleton (1)]
  3789 | D:9      | HP: 18/87 [scorpion (6)]
  3810 | D:9      | HP: 15/87 [black bear (3)]
  3815 | D:9      | HP: 19/87 [black bear (9)]
  4046 | D:9      | Reached skill level 6 in Dodging
  4047 | D:9      | Reached skill level 5 in Fighting
  4055 | D:9      | HP: 22/88 [hound (3)]
  4080 | D:9      | HP: 21/88 [killer bee (1)]
  4083 | D:9      | HP: 9/88 [killer bee (6)]
  4248 | D:6      | Found a shadowy altar of Dithmenos.
  4361 | D:5      | HP: 15/88 [bullfrog zombie (2)]
  4502 | D:4      | Found an ancient bone altar of Kikubaaqudgha.
  4505 | D:4      | Found a deep blue altar of Sif Muna.
  4507 | D:4      | Found a radiant altar of Vehumet.
  4511 | D:4      | Identified Vehumet's Incunabulum of Confrontation
  4856 | D:5      | Found Teydan Naosu's Armour Boutique.
  4865 | D:5      | Bought a +0 helmet of see invisible for 138 gold pieces
  5044 | D:6      | HP: 20/90 [wyvern skeleton (5)]
  5133 | D:8      | Found a burning altar of Makhleb.
  5148 | D:8      | HP: 18/90 [necrophage (2)]
  5156 | D:8      | Became a worshipper of Makhleb the Destroyer
  5156 | D:8      | Reached * piety under Makhleb
  5156 | D:8      | Reached ** piety under Makhleb
  5202 | D:10     | Entered Level 10 of the Dungeon
  5210 | D:10     | HP: 15/90 [bullfrog zombie (2)]
  5220 | D:10     | HP: 14/90 [big kobold/+0 whip (1)]
  5222 | D:10     | Reached skill level 7 in Dodging
  5316 | D:10     | HP: 22/90 [orc wizard/magic dart (2)]
  5336 | D:10     | Reached skill level 6 in Fighting
  5375 | D:10     | HP: 20/90 [ogre/+0 giant club (10)]
  5391 | D:10     | Found Eduuju's Book Emporium.
  5429 | D:10     | Found a staircase to the Lair.
  5446 | D:10     | Noticed a centaur warrior
  5446 | D:10     | HP: 22/90 [centaur warrior/arrow (2)]
  5447 | D:10     | HP: 5/90 [centaur warrior/arrow (17)]
  5457 | D:10     | HP: 21/91 [centaur warrior (4)]
  5465 | D:10     | HP: 18/91 [centaur warrior (10)]
  5466 | D:10     | Killed a centaur warrior
  5466 | D:10     | Reached skill level 8 in Dodging
  5498 | D:10     | Reached skill level 7 in Fighting
  5592 | D:10     | Found Apeptodgh's Assorted Antiques.
  5593 | D:10     | Found Econa's Antique Weapon Emporium.
  5595 | D:10     | Bought a scroll labeled TUGULI DOATS for 24 gold pieces
  5657 | D:10     | Found Jaqow's Gadget Boutique.
  5721 | D:11     | Noticed a cyclops
  5735 | D:11     | Killed a cyclops
  5735 | D:11     | Reached skill level 9 in Dodging
  5735 | D:11     | Reached XP level 11. HP: 83/100 MP: 4/4
  5824 | D:11     | Reached *** piety under Makhleb
  5845 | D:11     | HP: 24/100 [yak (8)]
  5864 | D:11     | HP: 23/100 [yak (14)]
  5869 | D:11     | Found a shadowy altar of Dithmenos.
  5919 | D:11     | HP: 22/100 [gargoyle/+0 mace (8)]
  5930 | D:11     | HP: 16/100 [gargoyle/+0 mace (6)]
  5932 | D:11     | Reached skill level 10 in Dodging
  5968 | D:11     | Noticed a two-headed ogre
  5979 | D:11     | Killed a two-headed ogre
  6086 | D:11     | Reached skill level 11 in Dodging
  6112 | D:11     | Learned a level 2 spell: Blink
  6167 | D:11     | Noticed a death knight
  6167 | D:11     | Noticed a phantasmal warrior
  6167 | D:11     | Noticed a skeletal warrior
  6168 | D:11     | Noticed a skeletal warrior
  6187 | D:11     | HP: 18/100 [skeletal warrior/+0 long sword[a death knight]
                  | (9)]
  6188 | D:11     | Killed a skeletal warrior
  6188 | D:11     | HP: 7/100 [freezing wraith/exploding inner flame[the player
                  | character] (11)]
  6188 | D:11     | Killed a death knight
  6188 | D:11     | Killed a skeletal warrior
  6188 | D:11     | Reached skill level 12 in Dodging
  6189 | D:11     | Killed a phantasmal warrior
  6338 | D:12     | Reached skill level 13 in Dodging
  6477 | D:12     | HP: 20/100 [yak (6)]
  6482 | D:12     | HP: 16/100 [yak (10)]
  6485 | D:12     | Reached XP level 12. HP: 25/109 MP: 5/5
  6496 | D:12     | Reached **** piety under Makhleb
  6509 | D:12     | HP: 27/109 [green ugly thing (6)]
  6526 | D:12     | HP: 26/109 [green ugly thing (1)]
  6628 | D:12     | HP: 27/109 [vampire mosquito (2)]
  6637 | D:12     | Reached skill level 14 in Dodging
  6643 | D:12     | HP: 22/109 [vampire mosquito (1)]
  6648 | D:12     | HP: 14/109 [vampire mosquito (6)]
  6672 | D:12     | Slain by a komodo dragon

Skill      XL: |  1  2  3  4  5  6  7  8  9 10 11 12 |
---------------+-------------------------------------+-----
Axes           | 4 5 7 8 10 12 14 | 14.2
Fighting       | 4 7 |  7.5
Dodging        | 5 9 13 14 | 14.1
Stealth        | |  2.4

Action                   |  1- 3 |  4- 6 |  7- 9 | 10-12 || total
-------------------------+-------+-------+-------+-------++-------
Melee: Hand axe          |   139 |   245 |   407 |   669 ||  1460
 Abil: Heal Wounds       |     3 |     1 |    10 |     8 ||    22
Evoke: Wand              |       |     2 |     6 |     8 ||    16
  Use: Potion            |     3 |     8 |     8 |     9 ||    28
       Scroll            |     1 |     7 |     4 |     3 ||    15
 Stab: Sleeping          |     4 |       |     3 |     5 ||    12
       Invisible         |       |     6 |     6 |    13 ||    25
       Distracted        |       |     1 |       |     1 ||     2
  Eat: Chunk             |       |     3 |     6 |     7 ||    16
       Ration            |       |       |       |     1 ||     1
Armor: Robe              |     7 |       |       |       ||     7
       Leather armour    |    14 |    40 |   104 |    54 ||   212
       Skin              |       |    23 |    23 |       ||    46
       Troll leather arm |       |       |       |    23 ||    23
Dodge: Dodged            |    90 |   108 |   211 |   488 ||   897

Levels and vault maps discovered:
D:1:      lightli_arrival_noodles, layout_basic
D:2:      minmay_door_path, layout_basic
D:3:      layout_loops_cross, minmay_quantized, uniq_crazy_yiuf_cottage,
          uniq_natasha, uniq_grinder, uniq_jessica
D:4:      layout_loops_corners, grunt_temple_overflow_magic_moments,
          minmay_temple_entry_grid
D:5:      layout_basic, lemuel_doored_altar, serial_shops, shop, first_ration,
          lemuel_flame_loot_1, uniq_edmund
D:6:      layout_basic, nicolae_gozag_zags_fifth_avenue,
          nicolae_overflow_crystal_walls, kennysheep_little_box, basic_altar,
          serial_shops, nicolae_shop_crystal, uniq_menkaure
D:7:      layout_rooms, tgw_xom, serial_shops, nicolae_shop_crystal
D:8:      layout_cave_pools, makhleb_blood_cavern_becter, serial_column_ruins,
          column_ruins_hut, column_ruins_open_tiny, column_ruins_grid_1,
          column_ruins_grid_1, column_ruins_grid_1, column_ruins_columns_corner
D:9:      kennysheep_orc_sif_temple, layout_basic,
          grunt_temple_overflow_cloverleaf, orc_0_dummy, eino_jars
D:10:     layout_basic, lair_entry_dummy, serial_shops, shop,
          kennysheep_mini_moat, nicolae_shop_temple_entry_statues_fountains,
          kennysheep_mini
D:11:     layout_roguey, nicolae_dithmenos_shadow_blocks
D:12:     layout_basic
Temple:   jpeg_temple_island

Table legend:
 A = Turns spent in this place as a percentage of turns spent in the entire game.
 B = Non-inter-level travel turns spent in this place as a percentage of non-inter-level travel turns spent in the entire game.
 C = Inter-level travel turns spent in this place as a percentage of turns spent in this place.
 D = Turns resting spent in this place as a percentage of non-inter-level travel turns spent in this place.
 E = Turns spent auto-exploring this place as a percentage of non-inter-level travel turns spent in this place.
 F = Non-inter-level travel turns spent in this place divided by the number of levels of this place that you've seen.
                   A       B       C       D       E      F
               +-------+-------+-------+-------+-------+----------------------
         Total | 100.0 | 100.0 |   6.3 |   0.1 |   0.0 | 481.0
       Dungeon |  99.0 |  98.9 |   6.3 |   0.1 |   0.0 | 515.2
        Temple |   1.0 |   1.1 |   0.0 |   0.0 |   0.0 |  70.0
               +-------+-------+-------+-------+-------+----------------------

Table legend:
 A = Kills in this place as a percentage of kills in entire the game.
 B = Kills by you in this place as a percentage of kills by you in the entire game.
 C = Kills by friends in this place as a percentage of kills by friends in the entire game.
 D = Other kills in this place as a percentage of other kills in the entire game.
 E = Experience gained in this place as a percentage of experience gained in the entire game.
 F = Experience gained in this place divided by the number of levels of this place that you have seen.
                   A       B       C       D       E      F
               +-------+-------+-------+-------+-------+----------------------
         Total | 100.0 | 100.0 |   N/A |   N/A | 100.0 | 1889.2
       Dungeon | 100.0 | 100.0 |   N/A |   N/A | 100.0 | 2046.7
               +-------+-------+-------+-------+-------+----------------------
